[Event "SVK Amateur-ch 2020"]
[Site "Topolcany"]
[Date "2020.07.13"]
[Round "6.12"]
[White "Tropp, Oliver"]
[Black "Takacs, Laszlo"]
[Result "0-1"]
[ECO "A08"]
[WhiteElo "2077"]
[BlackElo "2185"]
[Annotator "RC"]
[PlyCount "106"]
[EventDate "2020.07.10"]
[EventType "swiss"]
[EventCountry "SVK"]
[SourceTitle "playchess.com"]
[Source "ChessBase"]
[SourceQuality "1"]
[TimeControl "3600+30"]

1. Nf3 d5 2. g3 c5 3. Bg2 Nc6 4. d4 e6 5. O-O Nf6 6. c4 Be7 7. cxd5 exd5 8. dxc5 Bxc5 9. a3 a6 10. b4 Be7 11. Bb2 O-O 12. Nbd2 Bg4 13. h3 Bh5 14. Nd4 Re8 15. Nf5 Bf8 16. Nf3 Ne4 17. g4 Bg6 18. Ne3 Ng3 19. Re1 Rxe3 20. fxe3 a5 21. b5 Qb6 22. Nd4 Ne5 23. Bxd5 Rd8 24. Bf3 Ne4 25. Bg2 Nc4 26. Bc1 Qd6 27. Rf1 Qe5 28. Rf4 Bc5 29. Ra2 Qxf4 30. exf4 Rxd4 31. Qxd4 Bxd4+ 32. Kh2 Nc3 33. Rd2 Nxd2 34. Bxd2 Ne4 35. Bxa5 f5 36. Bc7 Nc3 37. b6 Ne4 38. a4 Bc3 39. e3 Bd2 40. Bf1 Bf7 41. gxf5 Bd5 42. Be5 Kf7 43. Bd4 Nd6 44. Bd3 Be4 45. Be2 Nxf5 46. Bc4+ Kg6 47. Be5 Nxe3 48. Be2 Nd5 49. f5+ Bxf5 50. Bf3 Be6 51. Be4+ Kf7 52. Kg3 Ba5 53. Bd4 Bxb6 0-1

[Event "SVK Amateur-ch 2020"]
[Site "Topolcany"]
[Date "2020.07.13"]
[Round "6.12"]
[White "Bakalar, Jan"]
[Black "Slovak, Pavol"]
[Result "1-0"]
[ECO "C29"]
[WhiteElo "1896"]
[BlackElo "1618"]
[Annotator "NA"]
[PlyCount "29"]
[EventDate "2020.07.10"]
[EventType "swiss"]
[EventCountry "SVK"]
[SourceTitle "playchess.com"]
[Source "ChessBase"]
[SourceQuality "1"]
[TimeControl "3600+30"]

1. e4 Nc6 2. Nc3 Nf6 3. f4 e5 4. fxe5 Nxe5 5. d4 Ng6 6. e5 Ng8 7. Bc4 Bb4 8. Nf3 N8e7 9. O-O O-O 10. Ng5 h6 11. Nxf7 Rxf7 12. Rxf7 Kh7 {[%emt 0:03:17] [#]} 13. Qh5 $1 Ng8 {[%emt 0:01:09] [#]} 14. Bd3 d5 15. Qxg6+ 1-0

[Event "SVK Amateur-ch 2020"]
[Site "Topolcany"]
[Date "2020.07.13"]
[Round "6.13"]
[White "Galdik, Stefan"]
[Black "Ladnak, Marek"]
[Result "0-1"]
[ECO "D94"]
[WhiteElo "1583"]
[BlackElo "1887"]
[Annotator "NA"]
[PlyCount "85"]
[EventDate "2020.07.10"]
[EventType "swiss"]
[EventCountry "SVK"]
[SourceTitle "playchess.com"]
[Source "ChessBase"]
[SourceQuality "1"]
[TimeControl "3600+30"]

1. d4 Nf6 2. c4 g6 3. Nc3 d5 4. e3 Bg7 5. Nf3 O-O 6. Be2 dxc4 7. Bxc4 c5 {[%emt 0:00:12] D94: Grünfeld: 4 Nf3 Bg7 5 e3.} 8. O-O Qa5 {[%emt 0:01:06] [#]} 9. Bd2 $146 ({Predecessor:} 9. h3 Nbd7 10. Qe2 a6 {0-1 (10) Salmon,G-Tupper,A (1681) ICCF email 2018}) 9... Qc7 (9... cxd4 $11 {remains equal.} 10. exd4 Nc6) 10. Be2 cxd4 11. Nxd4 e5 12. Ndb5 Qe7 13. e4 a6 14. Na3 b5 15. Nc2 Bb7 16. Bf3 Rd8 17. Qe2 Nbd7 18. Be3 {[%emt 0:06:53] [#]} Nc5 (18... b4 $1 $17 19. Na4 a5) 19. Bxc5 Qxc5 20. a3 Rd6 21. Rfd1 Rad8 22. Rxd6 Rxd6 23. Rd1 Bh6 24. Rd3 Ne8 25. Qd1 f5 (25... Rxd3 $15 {keeps the upper hand.} 26. Qxd3 Bc1) 26. exf5 {[%emt 0:03:07] Discovered Attack} Bxf3 (26... e4 ) (26... Rxd3 $16 {was necessary.} 27. Qxd3 Qd6 28. Qxd6 Nxd6) 27. Qxf3 e4 28. Qxe4 Nf6 29. Qe2 Rxd3 30. Qxd3 gxf5 31. h3 Bc1 32. b4 Qe5 33. Qg3+ Qxg3 34. fxg3 Bb2 35. Nd1 Be5 36. Kf2 Ne4+ 37. Kf3 Nxg3 38. Nde3 Kf7 39. Nd5 Ne4 40. Ke3 Ke6 41. Kf3 Bg7 $2 ({Black should try} 41... Ng5+ $19 42. Ke2 Kxd5 43. Ne3+ Ke4) 42. Nce3 Bh6 43. g4 $15 (43. Nc7+ $11 Ke5 44. Nc2) 0-1

[Event "SVK Amateur-ch 2020"]
[Site "Topolcany"]
[Date "2020.07.13"]
[Round "6.14"]
[White "Tropp, Frantisek"]
[Black "Pejko, Otomar"]
[Result "1/2-1/2"]
[ECO "B02"]
[WhiteElo "2040"]
[BlackElo "2138"]
[Annotator "ChessBase"]
[PlyCount "66"]
[EventDate "2020.07.10"]
[EventType "swiss"]
[EventCountry "SVK"]
[SourceTitle "playchess.com"]
[Source "ChessBase"]
[SourceQuality "1"]
[TimeControl "3600+30"]

1. e4 Nf6 2. d3 e5 3. f4 Nc6 4. Nf3 d5 5. exd5 Nxd5 6. Nxe5 Qf6 7. Nxc6 bxc6 8. Qf3 Bc5 9. Nd2 O-O 10. Ne4 Qe7 11. Kd1 Re8 12. Bd2 Rb8 13. Kc1 Bb4 14. c3 f5 15. cxb4 fxe4 16. dxe4 Nxb4 17. Bc4+ Be6 18. Qc3 Qf7 19. Bxe6 Qxe6 20. Qb3 Qxb3 21. axb3 Rxe4 22. g3 Rb7 23. Ra4 c5 24. Bc3 Re2 25. Rd1 Nc6 26. Rc4 Nd4 27. Bxd4 cxd4 28. Rcxd4 Rxh2 29. R4d3 Rg2 30. R1d2 Rg1+ 31. Kc2 h6 32. Rd1 Rg2+ 33. R1d2 Rg1 1/2-1/2

[Event "SVK Amateur-ch 2020"]
[Site "Topolcany"]
[Date "2020.07.13"]
[Round "6.14"]
[White "Hlavac, Tomas"]
[Black "Salgovic, Simon"]
[Result "0-1"]
[ECO "B01"]
[WhiteElo "1349"]
[BlackElo "1877"]
[Annotator "NA"]
[PlyCount "108"]
[EventDate "2020.07.10"]
[EventType "swiss"]
[EventCountry "SVK"]
[SourceTitle "playchess.com"]
[Source "ChessBase"]
[SourceQuality "1"]
[TimeControl "3600+30"]

1. e4 d5 2. e5 Bf5 3. d4 e6 4. Nf3 c5 5. c3 Nc6 6. Be2 {[%emt 0:00:35] B01: Scandinavian Defence.} h6 7. Be3 cxd4 8. cxd4 {[%emt 0:00:22] [#]} Bb4+ $146 ({Predecessor:} 8... Nge7 9. Nc3 Ng6 10. a3 Nh4 11. O-O Nxf3+ 12. Bxf3 Be7 13. Ne2 O-O 14. Ng3 Bg6 {½-½ (34) Klimczok,N (1511)-Gadek,M (1857) Polanica Zdroj 2009}) 9. Nc3 Nge7 10. O-O O-O 11. Qd2 Bh7 12. g4 Be4 13. a3 Bxc3 14. bxc3 Na5 15. Qb2 Nc4 16. Bxc4 (16. Qc1 $15) 16... dxc4 17. Nd2 Bd3 18. Rfe1 Nd5 19. Nf3 Be4 20. Nd2 Bd3 21. Nf3 Rc8 22. Rac1 (22. a4 $17 {might work better.}) 22... Qe7 23. h4 (23. a4 $142) 23... Rc6 24. h5 Kh7 25. Kg2 $2 (25. a4) 25... Be4 26. Rh1 Nxe3+ 27. fxe3 Qg5 28. Kg3 {[%emt 0:06:19] [#]} Qxe3 (28... Bxf3 $142 $1 29. Kxf3 f5) 29. Rhf1 Rb6 30. Qg2 (30. Qd2 $17 Qxd2 31. Nxd2) 30... Bxf3 (30... f5 $19 31. Qd2 f4+ 32. Kh3 Kg8 33. Qxe3 fxe3) 31. Qxf3 Qxf3+ 32. Rxf3 Rb3 33. Ra1 Kg8 34. a4 a5 35. Kf4 f6 36. Re3 Kf7 37. Ke4 Rd8 38. Rf3 Ke7 39. Kf4 ({White should play} 39. Raf1 $15) 39... Rb2 40. Ke4 Re2+ 41. Kf4 fxe5+ 42. dxe5 Rf8+ 43. Kg3 Rxf3+ 44. Kxf3 Rc2 45. Rb1 Rxc3+ 46. Ke4 Rb3 47. Rc1 Rb4 48. Kd4 Rxa4 49. Kc5 Rb4 50. Ra1 b6+ 51. Kc6 (51. Kd4 $142) 51... c3 52. Rd1 c2 53. Rd7+ Ke8 54. Kd6 Rd4+ 0-1

[Event "SVK Amateur-ch 2020"]
[Site "Topolcany"]
[Date "2020.07.13"]
[Round "6.15"]
[White "Bochnicka, Vladimir"]
[Black "Stevik, Patrik ml."]
[Result "1-0"]
[ECO "B00"]
[WhiteElo "2123"]
[BlackElo "2047"]
[Annotator "ChessBase"]
[PlyCount "97"]
[EventDate "2020.07.10"]
[EventType "swiss"]
[EventCountry "SVK"]
[SourceTitle "playchess.com"]
[Source "ChessBase"]
[SourceQuality "1"]
[TimeControl "3600+30"]

1. e4 b6 2. d4 Bb7 3. Bd3 e6 4. Nf3 Be7 5. O-O c5 6. c3 d6 7. Re1 Nf6 8. Nbd2 Nbd7 9. Nf1 Rc8 10. Ng3 Qc7 11. Bd2 O-O 12. Rc1 Qb8 13. Qe2 cxd4 14. cxd4 Rxc1 15. Rxc1 Rc8 16. Qd1 Rxc1 17. Qxc1 Qc8 18. Qxc8+ Bxc8 19. Bb4 Kf8 20. Kf1 g6 21. Ne2 Bb7 22. Nc3 Ne8 23. Nd2 Nc7 24. f3 Ba6 25. Ke2 Bxd3+ 26. Kxd3 d5 27. Bxe7+ Kxe7 28. e5 f6 29. f4 f5 30. b4 a6 31. a4 Nb8 32. b5 a5 33. Ke3 Nd7 34. Kf3 Kf7 35. h3 Nf8 36. g4 Ne8 37. Nd1 Nd7 38. Ne3 Ng7 39. Kg3 Ne8 40. Nf3 Nc7 41. Ng5+ Kg7 42. Nf1 Nf8 43. Kh4 Ne8 44. Kg3 Nd7 45. Nxe6+ Kf7 46. Ng5+ Kg7 47. gxf5 gxf5 48. Ne3 Nc7 49. Nxf5+ 1-0

[Event "SVK Amateur-ch 2020"]
[Site "Topolcany"]
[Date "2020.07.13"]
[Round "6.16"]
[White "Garban, Mario"]
[Black "Sarkozi, Szabolcs"]
[Result "1-0"]
[ECO "B30"]
[WhiteElo "2031"]
[BlackElo "2123"]
[Annotator "ChessBase"]
[PlyCount "117"]
[EventDate "2020.07.10"]
[EventType "swiss"]
[EventCountry "SVK"]
[SourceTitle "playchess.com"]
[Source "ChessBase"]
[SourceQuality "1"]
[TimeControl "3600+30"]

1. e4 c5 2. Nf3 Nc6 3. Bc4 e5 4. d3 Be7 5. Nc3 d6 6. Nd5 Nf6 7. Nxe7 Nxe7 8. Bg5 Ng6 9. Bb5+ Bd7 10. Bxd7+ Qxd7 11. Nh4 Nxh4 12. Bxh4 Qe6 13. h3 Nd7 14. Qg4 Qxg4 15. hxg4 Nb6 16. O-O-O Kd7 17. c3 Ke6 18. Bg3 f6 19. d4 Rac8 20. d5+ Kf7 21. f3 c4 22. Bf2 Nd7 23. Kc2 a6 24. b4 cxb3+ 25. axb3 h6 26. Kb2 Rc7 27. Rc1 Rhc8 28. c4 Nc5 29. Bxc5 Rxc5 30. Rc2 Kg6 31. g3 a5 32. Rc3 b6 33. Rc2 b5 34. Rhc1 a4 35. b4 Rxc4 36. Rxc4 bxc4 37. Ka3 Kf7 38. Rc3 g6 39. Kxa4 f5 40. gxf5 gxf5 41. exf5 Kf6 42. b5 Kxf5 43. b6 e4 44. Kb5 exf3 45. b7 Rb8 46. Kc6 Ke4 47. Rxc4+ Kd3 48. Rf4 Ke2 49. Kc7 Rxb7+ 50. Kxb7 f2 51. Kc6 f1=Q 52. Rxf1 Kxf1 53. Kxd6 Kf2 54. g4 Kf3 55. Ke5 Kxg4 56. d6 h5 57. d7 h4 58. d8=Q Kh3 59. Qg5 1-0

[Event "SVK Amateur-ch 2020"]
[Site "Topolcany"]
[Date "2020.07.13"]
[Round "6.16"]
[White "Podoba, Milan"]
[Black "Malinovsky, Jozef"]
[Result "1-0"]
[ECO "B22"]
[WhiteElo "2027"]
[BlackElo "1698"]
[Annotator "RC"]
[PlyCount "53"]
[EventDate "2020.07.10"]
[EventType "swiss"]
[EventCountry "SVK"]
[SourceTitle "playchess.com"]
[Source "ChessBase"]
[SourceQuality "1"]
[TimeControl "3600+30"]

1. e4 c5 2. c3 e5 3. Nf3 Nc6 4. d4 cxd4 5. cxd4 exd4 6. Nxd4 Bc5 7. Nb3 Bb6 8. Bc4 Qf6 9. O-O Nh6 10. Nc3 Ne7 11. Qh5 Nhg8 12. Be3 Nh6 13. Bxh6 gxh6 14. e5 Qg6 15. Qf3 Rg8 16. Ne4 Kf8 17. Nd6 Nc6 18. Nxf7 Kg7 19. Qc3 Kf8 20. g3 Rg7 21. Nd6 Ke7 22. Bd3 Qg5 23. Nf5+ Kd8 24. Nxg7 Nxe5 25. Nf5 Nf3+ 26. Kg2 Qh5 27. Qf6+ 1-0

[Event "SVK Amateur-ch 2020"]
[Site "Topolcany"]
[Date "2020.07.13"]
[Round "6.17"]
[White "Balazs, Ladislav"]
[Black "Panko, Radoslav"]
[Result "0-1"]
[ECO "A40"]
[WhiteElo "2088"]
[BlackElo "2025"]
[Annotator "ChessBase"]
[PlyCount "80"]
[EventDate "2020.07.10"]
[EventType "swiss"]
[EventCountry "SVK"]
[SourceTitle "playchess.com"]
[Source "ChessBase"]
[SourceQuality "1"]
[TimeControl "3600+30"]

1. d4 e6 2. c4 b6 3. a3 Bb7 4. Nc3 f5 5. d5 Nf6 6. Nf3 Be7 7. g3 Ne4 8. Bg2 Nxc3 9. bxc3 e5 10. e4 O-O 11. exf5 Rxf5 12. Qc2 Qf8 13. Qe2 d6 14. Nd2 Rf7 15. Nf1 Bc8 16. Ne3 Bg5 17. O-O Nd7 18. h4 Bxe3 19. Bxe3 Nf6 20. a4 a5 21. f4 Bg4 22. Qc2 Re8 23. fxe5 Rxe5 24. Bd4 Ree7 25. Rf2 Nh5 26. Rxf7 Qxf7 27. Rf1 Qg6 28. Qf2 Qe8 29. Bf3 Bxf3 30. Qxf3 Rf7 31. Qg4 Rxf1+ 32. Kxf1 g6 33. Kf2 Ng7 34. Bxg7 Kxg7 35. Qd4+ Kg8 36. g4 Qxa4 37. h5 gxh5 38. gxh5 Qc2+ 39. Ke1 Qf5 40. h6 Qe5+ 0-1

[Event "SVK Amateur-ch 2020"]
[Site "Topolcany"]
[Date "2020.07.13"]
[Round "6.17"]
[White "Skrinar, Marek"]
[Black "Paluska, Karol"]
[Result "1/2-1/2"]
[ECO "B19"]
[WhiteElo "1654"]
[BlackElo "1873"]
[Annotator "NA"]
[PlyCount "60"]
[EventDate "2020.07.10"]
[EventType "swiss"]
[EventCountry "SVK"]
[SourceTitle "playchess.com"]
[Source "ChessBase"]
[SourceQuality "1"]
[TimeControl "3600+30"]

1. e4 c6 2. d4 d5 3. Nd2 dxe4 4. Nxe4 Bf5 5. Ng3 Bg6 $1 6. Nf3 Nd7 7. h4 h6 8. Bc4 e6 9. c3 {[%emt 0:02:53] B19: Classical Caro-Kann: 4...Bf5 main line.} Ngf6 10. Bd3 Bxd3 11. Qxd3 Bd6 12. Ne4 {[%emt 0:01:39] [#]} Qc7 $146 ({Predecessor:} 12... Nxe4 13. Qxe4 Nf6 14. Qd3 Qc7 15. Bd2 O-O-O 16. O-O-O c5 17. Kb1 Kb8 {0-1 (51) Lu,D-Yu,M Kuala Lumpur 2005}) 13. Be3 Nxe4 14. Qxe4 Nf6 15. Qd3 O-O-O 16. O-O-O Rhe8 17. Qc2 b6 18. Kb1 Kb7 19. Rhe1 c5 20. Nd2 ({Better is} 20. dxc5 $14 Bxc5 21. Rxd8 Rxd8 22. Bxc5 Qxc5 23. Ne5) 20... c4 21. Ne4 Nd5 22. Qa4 Rc8 (22... Bf8 $15) 23. g3 a6 ({Black should play} 23... Be7 $11) 24. Re2 (24. Qxc4 $1 $14 Bxg3 25. fxg3 Qxc4 26. Nd6+ {[%mdl 64] Double Attack} Ka8 27. Nxc4 Rxc4 28. Bf4) 24... b5 25. Qc2 Qc6 26. Rde1 Ra8 27. Bc1 a5 $11 28. f4 Bf8 29. Nd2 Rec8 30. f5 Re8 1/2-1/2

[Event "SVK Amateur-ch 2020"]
[Site "Topolcany"]
[Date "2020.07.13"]
[Round "6.18"]
[White "Janco, Darius"]
[Black "Lecky, Juraj"]
[Result "0-1"]
[ECO "A61"]
[WhiteElo "2003"]
[BlackElo "2083"]
[Annotator "ChessBase"]
[PlyCount "62"]
[EventDate "2020.07.10"]
[EventType "swiss"]
[EventCountry "SVK"]
[SourceTitle "playchess.com"]
[Source "ChessBase"]
[SourceQuality "1"]
[TimeControl "3600+30"]

1. d4 Nf6 2. c4 c5 3. d5 e6 4. Nc3 exd5 5. cxd5 d6 6. Nf3 g6 7. Nd2 Nbd7 8. e4 Bg7 9. Be2 O-O 10. O-O a6 11. a4 Re8 12. Qc2 Rb8 13. Nc4 Nb6 14. Ne3 Qe7 15. a5 Na8 16. Bd3 Nc7 17. Nc4 Nb5 18. f3 Nd4 19. Qd1 Nd7 20. f4 b5 21. axb6 Nxb6 22. Na5 Qc7 23. f5 c4 24. f6 cxd3 25. fxg7 Nc2 26. Qxd3 Qc5+ 27. Kh1 Nxa1 28. Nc6 Rb7 29. e5 Bf5 30. Qg3 Nxd5 31. Nxd5 Qxd5 0-1

[Event "SVK Amateur-ch 2020"]
[Site "Topolcany"]
[Date "2020.07.13"]
[Round "6.21"]
[White "Balint, Vilmos"]
[Black "Trangos, Miroslav"]
[Result "1-0"]
[ECO "C17"]
[WhiteElo "2140"]
[BlackElo "1971"]
[Annotator "ChessBase"]
[PlyCount "61"]
[EventDate "2020.07.10"]
[EventType "swiss"]
[EventCountry "SVK"]
[SourceTitle "playchess.com"]
[Source "ChessBase"]
[SourceQuality "1"]
[TimeControl "3600+30"]

1. e4 e6 2. d4 d5 3. Nc3 Bb4 4. e5 c5 5. a3 cxd4 6. axb4 dxc3 7. bxc3 Qc7 8. Nf3 Qxc3+ 9. Bd2 Qc7 10. Bd3 Nd7 11. Qe2 Ne7 12. O-O Nb6 13. Nd4 Bd7 14. Ra5 Nc6 15. Nxc6 Bxc6 16. b5 Bd7 17. Rfa1 O-O 18. R5a3 Nc4 19. b6 Qxb6 20. Bxh7+ Kxh7 21. Rh3+ Kg8 22. Qh5 f6 23. Qh7+ Kf7 24. exf6 Rg8 25. Qh5+ g6 26. Qh7+ Kxf6 27. Bc3+ e5 28. Qxd7 Qd8 29. Rf3+ Kg5 30. Qh7 Rc8 31. Rf7 1-0

[Event "SVK Amateur-ch 2020"]
[Site "Topolcany"]
[Date "2020.07.13"]
[Round "6.22"]
[White "Bielik, Miroslav"]
[Black "Plasek, Zdenek"]
[Result "1-0"]
[ECO "D00"]
[WhiteElo "2133"]
[BlackElo "1966"]
[Annotator "ChessBase"]
[PlyCount "64"]
[EventDate "2020.07.10"]
[EventType "swiss"]
[EventCountry "SVK"]
[SourceTitle "playchess.com"]
[Source "ChessBase"]
[SourceQuality "1"]
[TimeControl "3600+30"]

1. d4 d5 2. Bf4 Nf6 3. e3 c5 4. c3 Nc6 5. Nd2 e6 6. Ngf3 Bd6 7. dxc5 Bxc5 8. Be2 O-O 9. O-O Bd6 10. Bg5 h6 11. Bh4 g5 12. Bg3 Bxg3 13. hxg3 Qe7 14. b4 Nd7 15. e4 Nf6 16. exd5 Nxd5 17. Qb3 b6 18. Rfe1 Bb7 19. Nc4 Nc7 20. b5 Nb8 21. Nce5 Nd7 22. Nxd7 Qxd7 23. a4 Qe7 24. a5 Rfd8 25. Red1 Nd5 26. c4 Nf6 27. Qb2 Nd7 28. Nh2 Qf6 29. Qc2 Ne5 30. a6 Bc8 31. Rxd8+ Qxd8 32. Qe4 Nf3+ 1-0

[Event "SVK Amateur-ch 2020"]
[Site "Topolcany"]
[Date "2020.07.13"]
[Round "6.24"]
[White "Chlpek, Daniel"]
[Black "Skreno, Vladimir"]
[Result "0-1"]
[ECO "B31"]
[WhiteElo "1982"]
[BlackElo "2126"]
[Annotator "ChessBase"]
[PlyCount "140"]
[EventDate "2020.07.10"]
[EventType "swiss"]
[EventCountry "SVK"]
[SourceTitle "playchess.com"]
[Source "ChessBase"]
[SourceQuality "1"]
[TimeControl "3600+30"]

1. e4 c5 2. Nf3 Nc6 3. Bb5 g6 4. O-O Bg7 5. Re1 e5 6. b4 cxb4 7. a3 Nge7 8. axb4 Qb6 9. Bf1 Nxb4 10. Ba3 Nbc6 11. Nc3 d6 12. Bxd6 Qd8 13. Ba3 Bg4 14. Bc4 O-O 15. h3 Bxf3 16. Qxf3 Nd4 17. Qd1 Re8 18. Qb1 Qc7 19. Qa2 Nec6 20. Nd5 Qd7 21. Rab1 Na5 22. Bd3 Rac8 23. c3 Ne6 24. Bf1 Nf4 25. Ne7+ Rxe7 26. Bxe7 Nc6 27. Bc5 Rd8 28. Be3 Ne6 29. Qb3 b6 30. Bb5 Qc7 31. Bxc6 Qxc6 32. Ra1 Rd7 33. Qa4 b5 34. Qc2 a6 35. Ra2 Bf8 36. Rea1 Nc7 37. f4 Bc5 38. d4 exf4 39. Bxf4 Bb6 40. Bxc7 Rxc7 41. Rxa6 Bxd4+ 42. Kh1 Qxc3 43. Qxc3 Bxc3 44. Rc1 b4 45. Ra8+ Kg7 46. Re8 Rb7 47. Rc8 Be5 48. R8c5 f6 49. Rb1 b3 50. Rd5 b2 51. Kg1 Rb4 52. Kf2 Rxe4 53. Rxe5 Rxe5 54. Rxb2 g5 55. Kf3 Ra5 56. Rb3 Kg6 57. Kg3 Ra4 58. Rc3 h5 59. Kf3 Rb4 60. Ra3 Rf4+ 61. Kg3 h4+ 62. Kh2 Rf1 63. Ra5 Rb1 64. Rc5 Kf7 65. Rc6 Re1 66. Rb6 Kg6 67. Rb5 f5 68. Rb6+ Kh5 69. Rb5 Rf1 70. g4+ fxg4 0-1

[Event "SVK Amateur-ch 2020"]
[Site "Topolcany"]
[Date "2020.07.13"]
[Round "6.25"]
[White "Nikanova, Ekaterina"]
[Black "Dzwierzynski, Bartosz"]
[Result "1/2-1/2"]
[ECO "B23"]
[WhiteElo "2116"]
[BlackElo "1869"]
[Annotator "RC"]
[PlyCount "64"]
[EventDate "2020.07.10"]
[EventType "swiss"]
[EventCountry "SVK"]
[SourceTitle "playchess.com"]
[Source "ChessBase"]
[SourceQuality "1"]
[TimeControl "3600+30"]

1. e4 c5 2. Nc3 Nc6 3. f4 g6 4. Nf3 Bg7 5. Bb5 Nd4 6. O-O Nxb5 7. Nxb5 a6 8. Nc3 e6 9. d3 Ne7 10. Qe1 d6 11. Ne2 O-O 12. c3 b5 13. Ng5 h6 14. Nf3 f5 15. Ng3 Re8 16. Qf2 Qc7 17. Re1 Bd7 18. Bd2 Rab8 19. Re2 c4 20. d4 d5 21. exf5 exf5 22. Rae1 Nc6 23. Rxe8+ Rxe8 24. Rxe8+ Bxe8 25. Qe2 Bf7 26. Ne5 Bf6 27. Qf3 Ne7 28. Nf1 Kg7 29. Ne3 Be6 30. g4 Qd8 31. h3 Bxe5 32. fxe5 Qg8 1/2-1/2

[Event "SVK Amateur-ch 2020"]
[Site "Topolcany"]
[Date "2020.07.13"]
[Round "6.26"]
[White "Redzisz, Michal"]
[Black "Frink, Ferenc"]
[Result "0-1"]
[ECO "A50"]
[WhiteElo "1972"]
[BlackElo "2075"]
[Annotator "ChessBase"]
[PlyCount "72"]
[EventDate "2020.07.10"]
[EventType "swiss"]
[EventCountry "SVK"]
[SourceTitle "playchess.com"]
[Source "ChessBase"]
[SourceQuality "1"]
[TimeControl "3600+30"]

1. d4 Nf6 2. c4 Nc6 3. Nf3 e6 4. a3 d6 5. Nc3 Bd7 6. e4 e5 7. d5 Ne7 8. g3 Ng6 9. Bg2 Be7 10. O-O O-O 11. Ne1 h6 12. Nd3 Nh7 13. h4 f5 14. h5 Nh8 15. f4 exf4 16. Nxf4 Ng5 17. Be3 Bf6 18. Bd4 Qe7 19. Qd3 Rae8 20. Rae1 Be5 21. b4 Qf6 22. Bxe5 Rxe5 23. Re3 Rfe8 24. Qd4 b6 25. Nd3 Nhf7 26. Nxe5 dxe5 27. Qd3 f4 28. Re2 Bg4 29. Ref2 Nh3+ 30. Bxh3 Bxh3 31. gxf4 Bxf1 32. Qxf1 exf4 33. Rxf4 Qxc3 34. Rxf7 Qg3+ 35. Kh1 Qh4+ 36. Kg2 Qg5+ 0-1

[Event "SVK Amateur-ch 2020"]
[Site "Topolcany"]
[Date "2020.07.13"]
[Round "6.27"]
[White "Ihnat, Marek ml."]
[Black "Kulhanek, Jachym"]
[Result "0-1"]
[ECO "B70"]
[WhiteElo "2065"]
[BlackElo "1920"]
[Annotator "ChessBase"]
[PlyCount "110"]
[EventDate "2020.07.10"]
[EventType "swiss"]
[EventCountry "SVK"]
[SourceTitle "playchess.com"]
[Source "ChessBase"]
[SourceQuality "1"]
[TimeControl "3600+30"]

1. e4 c5 2. Nf3 d6 3. d4 cxd4 4. Nxd4 Nf6 5. Nc3 g6 6. Bc4 Bg7 7. O-O O-O 8. h3 a6 9. Bb3 b6 10. Re1 Bb7 11. Bg5 Nbd7 12. Nf3 Rc8 13. Bd5 Qc7 14. Bxb7 Qxb7 15. Qe2 Rfe8 16. Rad1 Rc5 17. Be3 Rxc3 18. bxc3 Nxe4 19. Bd4 Nxc3 20. Bxc3 Bxc3 21. Rf1 Bf6 22. Rxd6 Rc8 23. Rdd1 Nc5 24. c4 Ne6 25. Rc1 Rc5 26. Rfe1 Nf4 27. Qe4 Qc7 28. Rc2 Ne6 29. Qa8+ Kg7 30. Nd2 Nd4 31. Rcc1 Rf5 32. Ne4 Bh4 33. c5 bxc5 34. Qxa6 Bxf2+ 35. Nxf2 Qg3 36. Kh1 Rxf2 37. Qa8 Nf3 38. Qxf3 Rxf3 39. gxf3 Qxf3+ 40. Kh2 Qf2+ 41. Kh1 Qxa2 42. Rxe7 Qa3 43. Ree1 Qxh3+ 44. Kg1 c4 45. Kf2 c3 46. Ke2 Qh2+ 47. Kd3 Qd2+ 48. Kc4 c2 49. Kb3 h5 50. Rh1 Kh6 51. Kb2 g5 52. Rxc2 Qb4+ 53. Kc1 g4 54. Rch2 Qc5+ 55. Kd2 g3 0-1

[Event "SVK Amateur-ch 2020"]
[Site "Topolcany"]
[Date "2020.07.13"]
[Round "6.28"]
[White "Blaho, Stefan"]
[Black "Kubrican, Anton"]
[Result "1-0"]
[ECO "A40"]
[WhiteElo "2054"]
[BlackElo "1861"]
[Annotator "ChessBase"]
[PlyCount "141"]
[EventDate "2020.07.10"]
[EventType "swiss"]
[EventCountry "SVK"]
[SourceTitle "playchess.com"]
[Source "ChessBase"]
[SourceQuality "1"]
[TimeControl "3600+30"]

1. d4 g6 2. Bf4 Bg7 3. e3 d6 4. Nf3 Nf6 5. h3 O-O 6. Be2 c5 7. c3 Qb6 8. Qb3 Qxb3 9. axb3 Nc6 10. Nbd2 Re8 11. Bh2 a6 12. dxc5 dxc5 13. Ne5 Nxe5 14. Bxe5 Nd5 15. Bxg7 Kxg7 16. Bf3 Nf6 17. Nc4 Rb8 18. Nb6 Be6 19. c4 Nd7 20. Nd5 Bxd5 21. Bxd5 e6 22. Bf3 Ne5 23. Be2 Nc6 24. Bf3 Nb4 25. Ke2 Red8 26. Rhd1 b6 27. g4 e5 28. g5 f6 29. gxf6+ Kxf6 30. h4 a5 31. Be4 Ke6 32. h5 Rxd1 33. Rxd1 gxh5 34. Rh1 h6 35. Rxh5 Rh8 36. f4 exf4 37. exf4 Kf6 38. Rh1 h5 39. Kf3 Na6 40. Rg1 Rh6 41. Rd1 Ke7 42. Kg3 Re6 43. Kf3 Rh6 44. Rg1 Kf6 45. f5 Nc7 46. Kf4 Ne8 47. Rg8 Nd6 48. Bf3 h4 49. Rb8 h3 50. Rxb6 Ke7 51. Ra6 h2 52. Ra7+ Kf6 53. Ra6 Ke7 54. Ra7+ Kf6 55. Bh1 Rh4+ 56. Kf3 Nxf5 57. Rxa5 Nd4+ 58. Kg3 Rh8 59. Rxc5 Nxb3 60. Rc7 Nd2 61. b4 Ke5 62. b5 Ne4+ 63. Kf3 Rh3+ 64. Kg2 Rh6 65. c5 Kd4 66. c6 Kc5 67. Rb7 Kd6 68. Rd7+ Ke6 69. Rd4 Nc5 70. c7 Rh8 71. Rd8 1-0

[Event "SVK Amateur-ch 2020"]
[Site "Topolcany"]
[Date "2020.07.13"]
[Round "6.29"]
[White "Nadzamova, Viktoria"]
[Black "Marsina, Stefan"]
[Result "1/2-1/2"]
[ECO "C11"]
[WhiteElo "2046"]
[BlackElo "1854"]
[Annotator "ChessBase"]
[PlyCount "101"]
[EventDate "2020.07.10"]
[EventType "swiss"]
[EventCountry "SVK"]
[SourceTitle "playchess.com"]
[Source "ChessBase"]
[SourceQuality "1"]
[TimeControl "3600+30"]

1. e4 e6 2. d4 d5 3. Nc3 Nf6 4. e5 Nfd7 5. f4 c5 6. Nf3 Nc6 7. Be3 a6 8. Be2 b5 9. O-O cxd4 10. Nxd4 Nxd4 11. Bxd4 Bc5 12. Bxc5 Nxc5 13. Qd4 Qb6 14. Kh1 Na4 15. Qb4 Qc5 16. Qxc5 Nxc5 17. b4 Na4 18. Nxa4 bxa4 19. c4 dxc4 20. Rac1 Bd7 21. Bxc4 Ke7 22. Rfd1 Rhc8 23. Be2 Rxc1 24. Rxc1 Rc8 25. Rc5 Rxc5 26. bxc5 Bb5 27. Bd1 a3 28. Bb3 a5 29. Kg1 a4 30. Bc2 Kd7 31. Kf2 Kc6 32. Ke3 Kxc5 33. g3 Bc4 34. Bb1 f5 35. exf6 gxf6 36. Ke4 h6 37. g4 Be2 38. h3 Bf1 39. h4 Bh3 40. Kf3 Kd4 41. Bc2 Bf1 42. g5 fxg5 43. fxg5 hxg5 44. h5 Ke5 45. h6 Kf6 46. h7 Kg7 47. Kg4 Bc4 48. Bb1 e5 49. Kxg5 e4 50. Kf4 Bxa2 51. Bxa2 1/2-1/2

[Event "SVK Amateur-ch 2020"]
[Site "Topolcany"]
[Date "2020.07.13"]
[Round "6.30"]
[White "Slaba, Andrea"]
[Black "Zetocha, Adrian"]
[Result "0-1"]
[ECO "E38"]
[WhiteElo "1970"]
[BlackElo "2041"]
[Annotator "ChessBase"]
[PlyCount "58"]
[EventDate "2020.07.10"]
[EventType "swiss"]
[EventCountry "SVK"]
[SourceTitle "playchess.com"]
[Source "ChessBase"]
[SourceQuality "1"]
[TimeControl "3600+30"]

1. d4 Nf6 2. c4 e6 3. Nc3 Bb4 4. Qc2 c5 5. e3 Nc6 6. Nf3 cxd4 7. exd4 d5 8. a3 Qa5 9. Rb1 Bxc3+ 10. bxc3 O-O 11. Bd3 dxc4 12. Bxc4 h6 13. O-O Rd8 14. Bb2 b6 15. Rfe1 Bb7 16. Ne5 Ne7 17. Qe2 Ned5 18. Qf3 Rac8 19. g4 Rc7 20. h4 b5 21. Bd3 Nxc3 22. Bxc3 Qxc3 23. Qg3 Rxd4 24. Re3 Qc5 25. g5 Nh5 26. Qh2 hxg5 27. hxg5 Qc1+ 28. Bf1 Qxb1 29. Qxh5 Rd1 0-1